 Dungeon Crawl Stone Soup version 0.28-a0-991-g956f0ee3d5 (webtiles) character file.

Game seed: 2820641710267432374

2 Lavandula the Vexing (level 1, -1/18 HPs)
             Began as a Naga Arcane Marksman on Dec 5, 2021.
             Was a Follower of Ru.
             Slain by a kobold (2 damage)
             ... on level 1 of the Dungeon.
             The game lasted 00:00:39 (107 turns).

Lavandula the Vexing (Naga Arcane Marksman)          Turns: 107, Time: 00:00:40

Health: -1/18      AC:  1    Str: 12    XL:     1   Next: 30%
Magic:  2/2        EV:  9    Int: 13    God:    Ru [*.....]
Gold:   0          SH:  0    Dex: 11    Spells: 1/2 levels left

rFire   . . .      SeeInvis +   a - +0 hand crossbow
rCold   . . .      Faith    .   (no shield)
rNeg    . . .      Spirit   .   d - +0 robe
rPois   +          Reflect  .   (no helmet)
rElec   .          Harm     .   (no cloak)
rCorr   .          Rampage  .   (no gloves)
Will    .....                   (no barding)
Stlth   +.........              (no amulet)
HPRegen 0.06/turn               (no ring)
MPRegen 0.08/turn               (no ring)

@: very slow
A: AC +0, large, see invisible, deformed body, poison resistance, slowness 2,
spit poison 1, inability to train armour, naga tail 1
a: Spit Poison, Renounce Religion


You were on level 1 of the Dungeon.
You worshipped Ru.
Ru was aware of your devotion.
You visited 1 branch of the dungeon, and saw 1 of its levels.

Inventory:

Hand Weapons
 a - a +0 hand crossbow (weapon)
Missiles
 c - 17 bolts (quivered ammo)
Armour
 d - a +0 robe (worn)


   Skills:
 - Level 1.0 Fighting
 + Level 2.0 Crossbows
 - Level 1.5 Dodging
 - Level 1.0 Spellcasting
 - Level 3.0 Hexes


You had one spell level left.
You knew the following spells:

 Your Spells              Type           Power      Damage    Failure   Level
a - Slow                  Hex            32%        N/A       9%          1

Your spell library contained the following spells:

 Spells                   Type           Power      Damage    Failure   Level
 Inner Flame              Hex/Fire       4%         N/A       41%         3
 Portal Projectile        Hex/Tloc       8%         N/A       41%         3
 Cause Fear               Hex            4%         N/A       63%         4


Dungeon Overview and Level Annotations

Branches:
Dungeon (1/15)

Altars:
Ru


Innate Abilities, Weirdness & Mutations

Your serpentine skin is tough. (AC +0)
You have supernaturally acute eyesight. (SInv)
Armour fits poorly on your strangely shaped body.
Your system is resistant to poisons. (rPois)
You cover ground very slowly.
You can spit poison.
You cannot train Armour skill.
You have a snake-like lower body.


Message History

The giant cockroach bites you.
* * * LOW HITPOINT WARNING * * *
Unknown command.
You aren't carrying any potions.
Press: ? - help, Shift-Dir - straight line, f - giant cockroach
Aim: a giant cockroach The splash of poison misses the giant cockroach.
The giant cockroach bites you.
* * * LOW HITPOINT WARNING * * *
Unknown command.
You aren't carrying any items that you can evoke.
Unknown command.
The giant cockroach closely misses you.
Fire: 20 bolts
Press: ? - help, Q - select action, (/) - cycle Shift-Dir - straight line, f - kobold, p - giant cockroach
Aim: a kobold, wielding a +0 dagger (51% to hit)
You shoot a bolt. The bolt hits the giant cockroach!
You kill the giant cockroach!
Fire: 19 bolts
Press: ? - help, Q - select action, (/) - cycle Shift-Dir - straight line, f - frilled lizard, p - kobold
Aim: a frilled lizard (40% to hit)
Okay, then.
Okay, then.
You aren't carrying any potions.
Unknown command.
Fire: 19 bolts
Press: ? - help, Q - select action, (/) - cycle Shift-Dir - straight line, f - frilled lizard, p - kobold
Aim: a frilled lizard (40% to hit)
You shoot a bolt. The bolt closely misses the kobold.
The bolt hits the frilled lizard!
You kill the frilled lizard!
You have got your breath back.
The kobold hits you but does no damage. The kobold barely misses you.
Your Crossbows skill increases to level 2!
Fire: 18 bolts
Press: ? - help, Q - select action, (/) - cycle Shift-Dir - straight line, f - kobold
Aim: a kobold, wielding a +0 dagger (53% to hit)
You shoot a bolt. The bolt closely misses the kobold.
The kobold hits you with a +0 dagger.
You die...

################
#(K@...........#
#(############.#####
########..### #......
#......l....## #######
..###...###..# #
#G#...#G#..########
#..###...###..........
....[.........########
##....._.........#


You could see a kobold.

Vanquished Creatures
  A giant cockroach (D:1)
  A frilled lizard (D:1)
2 creatures vanquished.

Notes
Turn   | Place    | Note
-------+----------+-------------------------------------------
     0 | D:1      | Lavandula the Naga Arcane Marksman began the quest for the
                  | Orb.
     0 | D:1      | Reached XP level 1. HP: 18/18 MP: 2/2
    72 | D:1      | Found a faded altar of an unknown god.
    73 | D:1      | Noticed a great orb of eyes
    80 | D:1      | Noticed an eye of devastation
    86 | D:1      | Noticed a shining eye
    88 | D:1      | Noticed a floating eye
    93 | D:1      | Prayed at the altar of an unknown god.
    93 | D:1      | Became a worshipper of Ru the Awakened
   101 | D:1      | Gained mutation: You cannot train Armour skill. [Ru
                  | sacrifice]
   101 | D:1      | Reached * piety under Ru
   107 | D:1      | Slain by a kobold

Illustrated notes

Levels and vault maps discovered:
D:1:      dpeg_arrival_rooms_c, layout_loops_ring,
          hellmonk_ecumenical_altar_watching_god, amcnicky_mini_pool_small

Skill      XL: |  1 |
---------------+----+-----
Crossbows      | 2 |  2.0
Fighting       | |  1.0
Dodging        | |  1.5
Spellcasting   | |  1.0
Hexes          | |  3.0

Action                   || total
-------------------------++-------
 Fire: Hand crossbow     ||     3
Invok: Sacrifice Durabil ||     1
 Abil: Spit Poison       ||     1
Armor: Robe              ||     1
Dodge: Dodged            ||     4

Table legend: (Time is in decaauts)
 A = Elapsed time spent in this place.
 B = Non-inter-level travel time spent in this place.
 C = Inter-level travel time spent in this place.
 D = Time resting spent in this place.
 E = Time spent auto-exploring this place.
 F = Levels seen in this place.
 G = Mean time per level.
                   A        B        C        D        E       F      G
               +--------+--------+--------+--------+--------+-----+--------+
         Total |    148 |    148 |      0 |      0 |    115 |   1 |  148.0 |
       Dungeon |    148 |    148 |      0 |      0 |    115 |   1 |  148.0 |
               +--------+--------+--------+--------+--------+-----+--------+

Top non-repeatable levels by time:
     D:1: 148 daAuts
